 Dungeon Crawl Stone Soup version 0.29-a0-270-g1586fc07ea (webtiles) character file.

Game seed: 16799486245359402393

9352 fragbeetle the Grappler (level 11, -6/107 HPs)
             Began as a Troll Gladiator on Mar 8, 2022.
             Was a Priest of Wu Jian.
             Mangled by an eight-headed hydra (11 damage)
             ... on level 11 of the Dungeon.
             The game lasted 00:20:17 (9397 turns).

fragbeetle the Grappler (Troll Gladiator)           Turns: 9397, Time: 00:20:17

Health: -6/107     AC:  5    Str: 29    XL:     11   Next: 21%
Magic:  10/10      EV: 11    Int: 21    God:    Wu Jian [***...]
Gold:   545        SH:  5    Dex: 11    Spells: 10/10 levels left

rFire   . . .      SeeInvis .   t - +7 spear "Undertaker" {vorpal, Str+3}
rCold   . . .      Faith    .   (no shield)
rNeg    . . .      Spirit   .   n - +1 robe "Noawkef" {Rampage +Blink Int+7}
rPois   +          Reflect  +   l - +0 hat of the Armoured One {rPois Int+2}
rElec   .          Harm     .   (no cloak)
rCorr   .          Rampage  +   (gloves unavailable)
Will    +....                   (boots unavailable)
Stlth   +.........              g - amulet of reflection
HPRegen 1.07/turn               A - +6 ring of intelligence
MPRegen 0.12/turn               F - ring of willpower

@: no status effects
A: large, unfitting armour, claws 3, regeneration 1, shaggy fur 1, tough skin 1
a: Renounce Religion, Evoke Blink, Wall Jump, Serpent's Lash


You were on level 11 of the Dungeon.
You worshipped Wu Jian.
Wu Jian was most pleased with you.
You visited 2 branches of the dungeon, and saw 12 of its levels.

You collected 616 gold pieces.
You spent 71 gold pieces at shops.

Inventory:

Hand Weapons
 t - the +7 spear "Undertaker" (weapon) {vorpal, Str+3}
   (You found it on level 3 of the Dungeon)

   It inflicts extra damage upon your enemies.
   Str:       It affects your strength (+3).
Missiles
 c - 3 throwing nets
 d - 4 large rocks
 j - 5 silver javelins
 p - 9 boomerangs (quivered)
 s - 12 poisoned darts
 w - a curare-tipped dart
 G - 3 silver boomerangs
Armour
 l - the +0 hat of the Armoured One (worn) {rPois Int+2}
   (You found it on level 2 of the Dungeon)

   Int:       It affects your intelligence (+2).
   rPois:     It protects you from poison.
 n - the +1 robe "Noawkef" (worn) {Rampage +Blink Int+7}
   (You found it on level 4 of the Dungeon)

   Int:       It affects your intelligence (+7).
   +Blink:    It lets you blink.
   Rampage:   It bestows one free step when moving towards enemies.
Jewellery
 g - an amulet of reflection (around neck)
 A - a +6 ring of intelligence (left claw)
 F - a ring of willpower (right claw)
 L - a ring of wizardry
 M - a +6 ring of strength
Wands
 b - a wand of polymorph (8)
 o - a wand of flame (34)
 B - a wand of charming (8)
 I - a wand of mindburst (11)
 K - a wand of digging (4)
Scrolls
 e - 4 scrolls of teleportation
 f - 3 scrolls of blinking
 h - 4 scrolls of fear
 q - a scroll of magic mapping
 r - 3 scrolls of enchant armour
 u - 4 scrolls of fog
 y - a scroll of vulnerability {unknown}
 z - a scroll of holy word {unknown}
Potions
 a - 2 potions of berserk rage
 i - 5 potions of attraction
 k - 3 potions of curing
 m - a potion of might
 v - a potion of haste
 x - a potion of brilliance
 C - 2 potions of cancellation {unknown}
 D - a potion of magic {unknown}
 H - a potion of lignification {unknown}
 J - 2 potions of mutation


   Skills:
 - Level 6.5 Fighting
 - Level 5.0 Polearms
 - Level 1.7 Throwing
 - Level 5.0 Dodging
 - Level 10.7 Unarmed Combat
 + Level 7.0 Evocations


You had 10 spell levels left.
You didn't know any spells.
Your spell library contained the following spells:

 Spells                   Type           Power      Damage    Failure   Level
 Gell's Gravitas          Tloc           0%         N/A       47%         3
 Lesser Beckoning         Tloc           0%         N/A       47%         3
 Summon Guardian Golem    Hex/Summ       0%         N/A       47%         3
 Teleport Other           Tloc           0%         N/A       47%         3
 Orb of Destruction       Conj           0%         9d5       100%        7
 Spellforged Servitor     Conj/Summ      0%         N/A       100%        7


Dungeon Overview and Level Annotations

Branches:
Dungeon (11/15)            Temple (1/1) D:4            Lair (0/6) D:11
    Orc (0/2) D:10

Altars:
Ashenzari
Cheibriados
Dithmenos
Elyvilon
Fedhas
Gozag
Hepliaklqana
Kikubaaqudgha
Makhleb
Nemelex Xobeh
Okawaru
Qazlal
Ru
Sif Muna
Trog
Uskayaw
Vehumet
Wu Jian
Xom
Yredelemnul
Zin
The Shining One

Shops:
D:2 ?   D:9 =

Annotations:
D:2 Sigmund
D:3 1 runed translucent door, Crazy Yiuf
D:6 Dowan
D:7 4 runed translucent doors
D:8 1 runed translucent door, FizzleBang's ghost, novice FoAM
D:11 exclusion: 2 oklob plants


Innate Abilities, Weirdness & Mutations

You are too large for most types of armour.
You have claws for hands.
Your natural rate of healing is unusually fast.
You are covered in fur. (AC +1)
You have tough skin. (AC +1)


Message History

The eight-headed hydra barely misses you.
The eight-headed hydra bites you!
The eight-headed hydra bites you but does no damage. x2
The eight-headed hydra bites you.
The eight-headed hydra barely misses you.
You block the eight-headed hydra's attack.
You spin and attack the eight-headed hydra.
You hit the eight-headed hydra.
The eight-headed hydra is lightly wounded.
The eight-headed hydra barely misses you. x3
The eight-headed hydra bites you. The eight-headed hydra bites you!
The eight-headed hydra bites you but does no damage.
The eight-headed hydra bites you!
You block the eight-headed hydra's attack.
Aiming: Paralyse
Press: ? - help, Shift-Dir - straight line, f/p - eight-headed hydra
Aim: an eight-headed hydra (lightly wounded, chance to affect: 31%)
The eight-headed hydra easily resists.
The now-empty wand crumbles to dust.
The eight-headed hydra bites you!
The eight-headed hydra completely misses you.
The eight-headed hydra bites you but does no damage.
The eight-headed hydra closely misses you.
The eight-headed hydra bites you! The eight-headed hydra bites you. x2
The eight-headed hydra barely misses you.
Aiming: Mindburst
Press: ? - help, Shift-Dir - straight line, f/p - eight-headed hydra
Aim: an eight-headed hydra (lightly wounded, chance to affect: 56%)
The eight-headed hydra resists with significant effort.
The eight-headed hydra bites you!
* * * LOW HITPOINT WARNING * * *
The eight-headed hydra barely misses you.
The eight-headed hydra bites you!
* * * LOW HITPOINT WARNING * * *
The eight-headed hydra bites you but does no damage.
The eight-headed hydra bites you!
* * * LOW HITPOINT WARNING * * *
The eight-headed hydra barely misses you.
You block the eight-headed hydra's attack.
The eight-headed hydra bites you!
You die... ################.#..#... # #.#.##..P . ################.#..PPPPP.. .................#≈..P>PP.≈ ##.............###..
PP.

#..##########.# #.## ..#
#..##########.###..#...#..
##................#...≈...#
................@D...###...
.........................
#...##############...#..#
......... ...>.....
......... ...........
#####.... ....####### .###
##...# ## .. ..


You could see an eight-headed hydra.

Vanquished Creatures
  2 two-headed ogres
  2 ugly things (D:11)
  Joseph (D:10)
  2 trolls (D:11)
  A hornet (D:9)
  Prince Ribbit (D:6)
  22 yaks
  Menkaure (D:7)
  An acid dragon (D:10)
  A water moccasin (D:7)
  An ice beast (D:3)
  A sky beast (D:8)
  A black bear (D:7)
  An orc warrior (D:9)
  2 centaurs
  An ogre (D:5)
  2 kobold brigands
  3 bullfrogs
  2 necrophages (D:8)
  A scorpion (D:5)
  9 wights
  4 howler monkeys
  A hound (D:4)
  A jelly (D:6)
  4 orc priests
  A gnoll shaman (D:7)
  Jessica (D:2)
  Natasha (thrice) (D:2)
  An iguana (D:5)
  8 orc wizards
  Ijyb (D:3)
  Robin (D:4)
  9 gnolls
  10 adders
  2 white imps (D:5)
  2 ufetubi
  2 worms
  A dart slug (D:1)
  36 orcs
  6 ball pythons
  2 bats
  11 endoplasms
  A giant cockroach (D:2)
  17 goblins
  7 hobgoblins (D:4)
  3 jackals (D:3)
  2 quokkas (D:4)
  5 frilled lizards
  13 kobolds
  5 rats
218 creatures vanquished.

Vanquished Creatures (collateral kills)
  A yak (D:9)
1 creature vanquished.

Vanquished Creatures (others)
  2 plants (D:6)
2 creatures vanquished.

Grand Total: 221 creatures vanquished

Notes
Turn   | Place    | Note
-------+----------+-------------------------------------------
     0 | D:1      | fragbeetle the Troll Gladiator began the quest for the Orb.
     0 | D:1      | Reached XP level 1. HP: 19/19 MP: 0/0
   204 | D:1      | Reached XP level 2. HP: 27/27 MP: 1/1
   236 | D:1      | Found Onid's Antique Armour Shoppe.
   482 | D:1      | Reached skill level 4 in Unarmed Combat
   904 | D:2      | Reached XP level 3. HP: 33/33 MP: 2/2
   960 | D:2      | Noticed Natasha
   962 | D:2      | Killed Natasha
   992 | D:2      | Reached XP level 4. HP: 41/41 MP: 3/3
   994 | D:2      | Reached skill level 5 in Unarmed Combat
  1108 | D:2      | Found a stormy altar of Qazlal.
  1194 | D:2      | Noticed Natasha
  1200 | D:2      | Killed Natasha
  1292 | D:2      | Found Famy's Magic Scroll Shop.
  1301 | D:2      | Bought a scroll of identify for 22 gold pieces
  1301 | D:2      | Bought a scroll of magic mapping for 38 gold pieces
  1301 | D:2      | Bought a scroll of noise for 11 gold pieces
  1365 | D:2      | Noticed Jessica
  1367 | D:2      | Killed Jessica
  1378 | D:2      | Identified the +0 hat of the Armoured One {rPois Int+2}
  1400 | D:2      | Noticed Sigmund
  1515 | D:2      | Noticed Natasha
  1536 | D:2      | Killed Natasha
  1537 | D:2      | Reached XP level 5. HP: 33/48 MP: 4/4
  1679 | D:2      | Found a stormy altar of Qazlal.
  2093 | D:2      | Found Famy's Magic Scroll Shop.
  2216 | D:3      | Found a faded altar of an unknown god.
  2354 | D:3      | Reached skill level 6 in Unarmed Combat
  2528 | D:3      | Noticed Ijyb
  2539 | D:3      | Killed Ijyb
  2740 | D:3      | Identified the +7 spear "Undertaker" {vorpal, Str+3}
  2834 | D:3      | Noticed an ice beast
  2849 | D:3      | Reached XP level 6. HP: 53/55 MP: 5/5
  2858 | D:3      | Killed an ice beast
  2859 | D:3      | Reached skill level 7 in Unarmed Combat
  3074 | D:3      | Found a runed translucent door.
  3075 | D:3      | Noticed Crazy Yiuf
  3222 | D:4      | Reached skill level 8 in Unarmed Combat
  3269 | D:4      | Reached XP level 7. HP: 62/62 MP: 6/6
  3299 | D:4      | Noticed Robin
  3306 | D:4      | Killed Robin
  3391 | D:4      | Identified the +1 robe "Noawkef" {Rampage +Blink Int+7}
  3594 | D:4      | Found a staircase to the Ecumenical Temple.
  3622 | Temple   | Entered the Ecumenical Temple
  3721 | Temple   | Became a worshipper of the Wu Jian Council
  3941 | D:5      | Entered Level 5 of the Dungeon
  4426 | D:5      | Reached skill level 9 in Unarmed Combat
  4660 | D:5      | Reached * piety under Wu Jian
  4980 | D:6      | Noticed Prince Ribbit
  4990 | D:6      | HP: 3/62 [Prince Ribbit (16)]
  5014 | D:6      | Killed Prince Ribbit
  5015 | D:6      | Reached skill level 10 in Unarmed Combat
  5015 | D:6      | Reached XP level 8. HP: 51/74 MP: 7/7
  5115 | D:6      | Noticed Dowan
  5183 | D:7      | Noticed a death yak
  5184 | D:7      | Found a huge runed translucent gate.
  5184 | D:7      | Found a huge runed translucent gate.
  5184 | D:7      | Found a huge runed translucent gate.
  5184 | D:7      | Noticed a dream sheep
  5184 | D:7      | Noticed a polar bear
  5184 | D:7      | Noticed a polar bear
  5186 | D:7      | Found a huge runed translucent gate.
  5186 | D:7      | Noticed a polar bear
  5187 | D:7      | Noticed a polar bear
  5365 | D:7      | You fall into a shaft and drop 1 floor!
  5398 | D:8      | Reached skill level 5 in Fighting
  5436 | D:8      | Reached ** piety under Wu Jian
  5442 | D:8      | Reached XP level 9. HP: 38/88 MP: 8/8
  5809 | D:7      | Noticed Menkaure
  5815 | D:7      | Killed Menkaure
  5816 | D:7      | Reached skill level 5 in Dodging
  6276 | D:8      | Noticed FizzleBang's ghost (novice FoAM)
  6294 | D:8      | Found a runed translucent door.
  6484 | D:8      | Identified the +8 hand axe of Equilibrium {antimagic, rF++
                  | Dex+8}
  6491 | D:8      | Found a faded altar of an unknown god.
  6491 | D:8      | Found a shadowy altar of Dithmenos.
  6499 | D:8      | Found a basalt altar of Yredelemnul.
  6502 | D:8      | Found a shimmering blue altar of Sif Muna.
  6504 | D:8      | Found a sparkling altar of Nemelex Xobeh.
  6732 | D:9      | Noticed a two-headed ogre
  6739 | D:9      | Killed a two-headed ogre
  7248 | D:9      | Found Tuyprire's Jewellery Emporium.
  7659 | D:10     | Entered Level 10 of the Dungeon
  7722 | D:10     | Noticed a two-headed ogre
  7735 | D:10     | Killed a two-headed ogre
  7736 | D:10     | Reached skill level 5 in Evocations
  7736 | D:10     | Reached XP level 10. HP: 44/96 MP: 9/9
  8288 | D:10     | Reached skill level 1 in Polearms
  8296 | D:10     | HP: 4/96 [yak (16)]
  8573 | D:10     | Found a staircase to the Orcish Mines.
  8615 | D:10     | Noticed Joseph
  8621 | D:10     | Killed Joseph
  8842 | D:10     | Reached XP level 11. HP: 95/107 MP: 10/10
  8846 | D:10     | Reached skill level 5 in Polearms
  9050 | D:11     | Reached *** piety under Wu Jian
  9055 | D:11     | Noticed a cyan ugly thing
  9065 | D:11     | Killed a cyan ugly thing
  9165 | D:11     | Noticed a green ugly thing
  9175 | D:11     | Killed a green ugly thing
  9350 | D:11     | Found a staircase to the Lair.
  9350 | D:11     | Noticed an oklob plant
  9389 | D:11     | Noticed an oklob plant
  9389 | D:11     | Noticed an eight-headed hydra
  9397 | D:11     | HP: 5/107 [eight-headed hydra (11)]
  9397 | D:11     | Mangled by an eight-headed hydra

Illustrated notes

Levels and vault maps discovered:
D:1:      evilmike_arrival_crescent, layout_basic, serial_shops,
          nicolae_shop_behind_doors
D:2:      layout_basic, basic_altar, serial_shops, nicolae_shop_hallway_stairs,
          uniq_jessica, uniq_natasha, uniq_sigmund
D:3:      layout_loops_ring, nicolae_ecumenical_pavilion,
          uniq_crazy_yiuf_cottage, uniq_ijyb
D:4:      layout_gridville, minmay_temple_entry_ruins, nrook_campfire,
          chequers_serial_rivers_small_a, grunt_tough_drop, uniq_robin
D:5:      layout_cave_pods, minmay_misc_feat_roman,
          amcnicky_mini_rare_corridor_liquid
D:6:      layout_basic, minmay_lizard_king, uniq_prince_ribbit1, uniq_duvessa
D:7:      lemuel_bear_cage, layout_basic, eino_small_chamber_without_monster,
          wad_floor_pattern_untrapped, uniq_menkaure
D:8:      layout_rooms, chequers_temple_overflow_minitemple,
          hellmonk_ghost_happy_afterlife, dk_rats_in_the_wall
D:9:      layout_stronghold, serial_shops, nicolae_shop_advertising_works
          [nicolae_subvault_shop_adworks]
D:10:     layout_stronghold, orc_0_dummy, uniq_joseph
D:11:     layout_long_grid, dpeg_oklobed_lair, serial_shops,
          kennysheep_mini_moat
Temple:   compressed_dpeg_circular_temple

Skill      XL: |  1  2  3  4  5  6  7  8  9 10 11 |
---------------+----------------------------------+-----
Unarmed Combat | 4 5 6 8 10 | 10.7
Fighting       | 2 5 6 |  6.5
Dodging        | 4 5 |  5.0
Evocations     | 5 6 7 |  7.0
Polearms       | 4 5 |  5.0
Throwing       | |  1.7

Action                   |  1- 3 |  4- 6 |  7- 9 | 10-12 || total
-------------------------+-------+-------+-------+-------++-------
Melee: Unarmed           |    42 |   183 |   261 |   190 ||   676
       Punch             |     1 |     2 |    11 |     5 ||    19
       Spear             |       |       |       |     1 ||     1
Throw: Large rock        |       |       |     6 |       ||     6
       Boomerang         |       |       |     2 |     1 ||     3
       Dart              |       |       |     1 |       ||     1
       Javelin           |       |       |       |     2 ||     2
Invok: Whirlwind         |       |       |     8 |    86 ||    94
Evoke: Wand              |       |     1 |     3 |     8 ||    12
  Use: Scroll            |       |     6 |     7 |     2 ||    15
       Potion            |       |       |     1 |     2 ||     3
 Stab: Sleeping          |     1 |     1 |       |       ||     2
       Paralysed         |       |       |     1 |     3 ||     4
Armor: Robe              |     8 |    33 |    41 |    24 ||   106
Dodge: Dodged            |    16 |    57 |    69 |    79 ||   221
Block: Other             |     1 |    22 |    41 |    29 ||    93
       Reflection        |       |     1 |     3 |     2 ||     6

Table legend: (Time is in decaauts)
 A = Elapsed time spent in this place.
 B = Non-inter-level travel time spent in this place.
 C = Inter-level travel time spent in this place.
 D = Time resting spent in this place.
 E = Time spent auto-exploring this place.
 F = Levels seen in this place.
 G = Mean time per level.
                   A        B        C        D        E       F      G
               +--------+--------+--------+--------+--------+-----+--------+
         Total |   9325 |   8883 |    442 |    581 |   6597 |  12 |  777.1 |
       Dungeon |   9192 |   8807 |    385 |    581 |   6539 |  11 |  835.6 |
        Temple |    132 |     75 |     57 |      0 |     58 |   1 |  132.0 |
               +--------+--------+--------+--------+--------+-----+--------+

Top non-repeatable levels by time:
     D:9: 1340 daAuts
     D:2: 1315 daAuts
    D:10: 1046 daAuts
     D:5: 963 daAuts
     D:1: 895 daAuts
     D:7: 893 daAuts
     D:3: 880 daAuts
     D:4: 688 daAuts
     D:8: 575 daAuts
    D:11: 344 daAuts
     D:6: 250 daAuts
  Temple: 132 daAuts
